 Dungeon Crawl Stone Soup version 0.19.0 (webtiles) character file.

141 Lyric the Skirmisher (level 5, 0/33 HPs)
             Began as a Kobold Berserker on Nov 15, 2016.
             Was a Believer of Trog.
             Succumbed to a worker ant's poison
             ... on level 4 of the Dungeon.
             The game lasted 00:23:18 (2335 turns).

Lyric the Skirmisher (Kobold Berserker)             Turns: 2335, Time: 00:23:19

Health: 0/33       AC:  8    Str: 15    XL:     5   Next: 48%
Magic:  5/5        EV: 10    Int:  8    God:    Trog [**....]
Gold:   78         SH:  0    Dex: 15    Spells: 0 memorised, 4 levels left

rFire  . . .     SeeInvis .     a - +0 spear
rCold  . . .     Gourm    .     d - +0 chain mail
rNeg   . . .     Faith    .     (shield restricted)
rPois  .         Spirit   .     (no helmet)
rElec  .         Reflect  .     (no cloak)
rCorr  .         Harm     .     (no gloves)
MR     .....                    (no boots)
Stlth  ..........               (no amulet)
                                (no ring)
                                (no ring)

@: lethally poisoned (0 -> -11), about to teleport
A: carnivore 3
a: Berserk, Trog's Hand, Burn Spellbooks, Renounce Religion


You were on level 4 of the Dungeon.
You worshipped Trog.
Trog was pleased with you.
You were very full.

You visited 1 branch of the dungeon, and saw 4 of its levels.

You collected 78 gold pieces.

Inventory:

Hand Weapons
 a - a +0 spear (weapon)
Armour
 b - a +0 animal skin
 d - a +0 chain mail (worn)
 f - +0 ice dragon scales
Wands
 g - a wand of paralysis (7/24)
Comestibles
 c - a meat ration
 i - 3 chunks of flesh
 j - a bread ration


   Skills:
 + Level 4.1 Fighting
 + Level 3.8 Polearms
 + Level 2.1 Armour
 + Level 3.0 Dodging
 + Level 0.4 Stealth


You had 4 spell levels left.
You didn't know any spells.

Dungeon Overview and Level Annotations

Branches:
Dungeon (4/15)
 Temple: D:4-7

Altars:
Fedhas


Innate Abilities, Weirdness & Mutations

You are small and have problems with some larger weapons.
You are carnivorous and can eat meat at any time.


Message History

* * * LOW HITPOINT WARNING * * *
You feel sick.
The worker ant bites you but does no damage.
As you read the scroll labeled NIMUDIC YPOLEE, it crumbles to dust.
You feel strangely unstable.
It was a scroll of teleportation.
The worker ant bites you but does no damage.
As you read the scroll labeled HEALIE HOECW, it crumbles to dust.
The creatures around you are filled with an inner flame!
It was a scroll of immolation.
* * * LOW HITPOINT WARNING * * *
You feel sick. The worker ant bites you.
* * * LOW HITPOINT WARNING * * *
You are more poisoned.
The worker ant poisons you!
* * * LOW HITPOINT WARNING * * *
You feel sick.
As you read the scroll labeled LONWOZYFAU, it crumbles to dust.
It is a scroll of identify.
g - a wand of paralysis (7/24)
You die...

###############
.......(.a@...#
..#..######.###
# #.# #.# #.#
#.# #.# #.# #.#


You could see a worker ant (inner flame).

Vanquished Creatures
  An orc wizard (D:3)
  Jessica (D:2)
  A gnoll (D:1)
  4 adders
  A leopard gecko (D:2)
  6 orcs (D:3)
  A bat (D:1)
  3 giant cockroaches
  6 goblins
  4 hobgoblins
  A quokka (D:3)
  A frilled lizard (D:2)
  4 kobolds
34 creatures vanquished.

Notes
Turn   | Place    | Note
-------+----------+-------------------------------------------
     0 | D:1      | Lyric the Kobold Berserker began the quest for the Orb.
     0 | D:1      | Reached XP level 1. HP: 14/14 MP: 1/1
   194 | D:1      | Reached XP level 2. HP: 13/19 MP: 2/2
   648 | D:2      | Reached XP level 3. HP: 23/23 MP: 3/3
   933 | D:2      | Found a blossoming altar of Fedhas.
   966 | D:2      | Noticed Jessica
   987 | D:2      | Killed Jessica
   987 | D:2      | Reached skill level 4 in Fighting
   987 | D:2      | Reached XP level 4. HP: 28/29 MP: 4/4
  1513 | D:3      | Reached ** piety under Trog
  1631 | D:3      | Reached XP level 5. HP: 13/33 MP: 5/5
  2334 | D:4      | HP: 1/33 [poisoned by a worker ant]
  2335 | D:4      | Succumbed to a worker ant's poison

Skill      XL: |  1  2  3  4 |
---------------+-------------+-----
Fighting       | 4 |  4.1
Polearms       | 3 |  3.8
Armour         | 2 |  2.1
Dodging        | 3 |  3.0
Stealth        | |  0.4

Action                   |  1- 3 |  4- 6 || total
-------------------------+-------+-------++-------
Melee: Spear             |    93 |   125 ||   218
  Use: Potion            |     2 |     1 ||     3
       Scroll            |       |     5 ||     5
  Eat: Chunk             |     8 |     4 ||    12
Armor: Animal skin       |     1 |       ||     1
       Ice dragon scales |    25 |    20 ||    45
       Chain mail        |       |    21 ||    21
Dodge: Dodged            |    43 |    69 ||   112
